SNL (28 & UNDER)
BEAUMONT ROUGHNECKS @ MONTGOMERY BISCUITS
07/22/2029
 
TOP OF THE 1ST
Beaumont Roughnecks batting - Pitching for Montgomery Biscuits : RHP Keith Fitzgerald
Pitching: RHP Keith Fitzgerald
Batting: RHB John James 0-0: Ball
1-0: Ball
2-0: Ball
3-0: Called Strike
3-1: Foul Ball, location: 2F
3-2: Base on Balls
Batting: RHB Darwin Crane 0-0: Ball
1-0: Swinging Strike
1-1: Grounds into double play, 6-4-3 (Groundball, 6)
Batting: RHB Roger Rush 0-0: Ball
1-0: Ball
2-0: Foul Ball, location: 2F
2-1: Foul Ball, location: 2F
2-2: Ball
3-2: Ground out 4-3 (Groundball, 34)
Top of the 1st over - 0 runs, 0 hits, 0 errors, 0 left on base; Beaumont 0 - Montgomery 0
BOTTOM OF THE 1ST
Montgomery Biscuits batting - Pitching for Beaumont Roughnecks : RHP Carlos Sánchez
Pitching: RHP Carlos Sánchez
Batting: RHB Frederick Curtis 0-0: Ball
1-0: Called Strike
1-1: Foul Ball, location: 2F
1-2: Foul Ball, location: 2F
1-2: Foul Ball, location: 2F
1-2: Ground out 5-3 (Groundball, 5)
Batting: RHB Reinaldo Amarante 0-0: Called Strike
0-1: Ball
1-1: Foul Ball, location: 2F
1-2: Ball
2-2: Foul Ball, location: 2F
2-2: Foul Ball, location: 2F
2-2: DOUBLE (Flyball, 8LD)
Batting: SHB Randy Anderson 0-0: Ground out 6-3 (Groundball, 6)
Batting: SHB Marvin López 0-0: Called Strike
0-1: Ball
1-1: Foul Ball, location: 2F
1-2: SINGLE (Line Drive, 6D)
Reinaldo Amarante to third
Runner from 3rd tries for Home, SAFE, no throw
Batting: SHB Wilson Bray 0-0: DOUBLE (Flyball, 78D)
Marvin López to third
Runner from 3rd tries for Home, SAFE, no throw
Batting: RHB Bob McDonald 0-0: Foul Ball, location: 2F
0-1: Ball
1-1: Foul Ball, location: 2F
1-2: Ball
2-2: Foul Ball, location: 2F
2-2: Strikes out swinging
Bottom of the 1st over - 2 runs, 3 hits, 0 errors, 1 left on base; Beaumont 0 - Montgomery 2
TOP OF THE 2ND
Beaumont Roughnecks batting - Pitching for Montgomery Biscuits : RHP Keith Fitzgerald
Batting: RHB Si-xun Li 0-0: Called Strike
0-1: Called Strike
0-2: Strikes out swinging
Batting: LHB Enrique Cruz 0-0: Swinging Strike
0-1: Ball
1-1: Ball
2-1: Foul Ball, location: 2F
2-2: Strikes out swinging
Batting: RHB Michael Kent 0-0: Called Strike
0-1: Ball
1-1: Swinging Strike
1-2: Foul Ball, location: 2F
1-2: Strikes out looking
Top of the 2nd over - 0 runs, 0 hits, 0 errors, 0 left on base; Beaumont 0 - Montgomery 2
BOTTOM OF THE 2ND
Montgomery Biscuits batting - Pitching for Beaumont Roughnecks : RHP Carlos Sánchez
Batting: SHB Pancho Ruíz 0-0: Ball
1-0: SINGLE (Groundball, 4MD)
Batting: SHB Lawrence Farley 0-0: Called Strike
0-1: Foul Ball, location: 2F
0-2: Ball
1-2: Foul Ball, location: 2F
1-2: Fly out, F9 (Flyball, 9D)
Batting: SHB Joe Pierce 0-0: Ball
1-0: Ball
2-0: Foul Ball, location: 2F
2-1: Ball
3-1: Swinging Strike
3-2: Fly out, F9 (Flyball, 9LD)
Batting: RHB Frederick Curtis 0-0: Ball
1-0: Ball
2-0: Fielders Choice at 2nd, 6-4 (Groundball, 6)
Bottom of the 2nd over - 0 runs, 1 hit, 0 errors, 1 left on base; Beaumont 0 - Montgomery 2
TOP OF THE 3RD
Beaumont Roughnecks batting - Pitching for Montgomery Biscuits : RHP Keith Fitzgerald
Batting: RHB António Aguilar 0-0: Foul Ball, location: 2F
0-1: Ball
1-1: Swinging Strike
1-2: Ball
2-2: Strikes out swinging
Batting: RHB Miguel Costa 0-0: Swinging Strike
0-1: Foul Ball, location: 2F
0-2: Strikes out swinging
Batting: SHB Walton Locke 0-0: Foul Ball, location: 2F
0-1: Ball
1-1: Ball
2-1: Ball
3-1: Called Strike
3-2: Foul Ball, location: 2F
3-2: SINGLE (Groundball, 56D)
Batting: RHB John James 0-0: Ball
1-0: Swinging Strike
1-1: Swinging Strike
1-2: Strikes out swinging
Top of the 3rd over - 0 runs, 1 hit, 0 errors, 1 left on base; Beaumont 0 - Montgomery 2
BOTTOM OF THE 3RD
Montgomery Biscuits batting - Pitching for Beaumont Roughnecks : RHP Carlos Sánchez
Batting: RHB Reinaldo Amarante 0-0: Called Strike
0-1: Called Strike
0-2: Ball
1-2: Ground out 5-3 (Groundball, 56S)
Batting: SHB Randy Anderson 0-0: Ball
1-0: Foul Ball, location: 2F
1-1: SINGLE (Line Drive, 8LS)
Batting: SHB Marvin López 0-0: Ball
Randy Anderson is caught stealing 2nd base
1-0: Called Strike
1-1: Called Strike
1-2: Foul Ball, location: 2F
1-2: Foul Ball, location: 2F
1-2: Ball
2-2: SINGLE (Groundball, 34D)
Batting: SHB Wilson Bray 0-0: Ball
1-0: Ball
2-0: Ball
3-0: Called Strike
3-1: Base on Balls
Marvin López to second
Batting: RHB Bob McDonald 0-0: Ground out 6-3 (Groundball, 6S)
Bottom of the 3rd over - 0 runs, 2 hits, 0 errors, 2 left on base; Beaumont 0 - Montgomery 2
TOP OF THE 4TH
Beaumont Roughnecks batting - Pitching for Montgomery Biscuits : RHP Keith Fitzgerald
Batting: RHB Darwin Crane 0-0: SINGLE (Line Drive, 7S)
Batting: RHB Roger Rush 0-0: Ball
1-0: Foul Ball, location: 2F
1-1: Foul Ball, location: 2F
1-2: Fielders Choice at 2nd, 1-6 (Groundball, 13)
Batting: RHB Si-xun Li 0-0: Ball
1-0: Foul Ball, location: 2F
1-1: Fly out, F7 (Flyball, 7D)
Batting: LHB Enrique Cruz 0-0: Called Strike
0-1: Called Strike
0-2: Ball
Roger Rush steals 2nd base
1-2: Ball
2-2: Foul Ball, location: 2F
2-2: Ball
3-2: Base on Balls
Batting: RHB Michael Kent 0-0: Ball
1-0: Ball
2-0: Called Strike
2-1: Swinging Strike
2-2: Strikes out looking
Top of the 4th over - 0 runs, 1 hit, 0 errors, 2 left on base; Beaumont 0 - Montgomery 2
BOTTOM OF THE 4TH
Montgomery Biscuits batting - Pitching for Beaumont Roughnecks : RHP Carlos Sánchez
Batting: SHB Pancho Ruíz 0-0: Called Strike
0-1: Called Strike
0-2: Ball
1-2: Foul Ball, location: 2F
1-2: Strikes out swinging
Batting: SHB Lawrence Farley 0-0: Ball
1-0: Ball
2-0: Ball
3-0: Base on Balls
Batting: SHB Joe Pierce 0-0: Called Strike
0-1: Foul Ball, location: 2F
0-2: Foul Ball, location: 2F
0-2: Ball
1-2: Foul Ball, location: 2F
1-2: Ball
2-2: Strikes out swinging
Batting: RHB Frederick Curtis 0-0: Ball
Lawrence Farley steals 2nd base
1-0: Foul Ball, location: 2F
1-1: Ball
2-1: Foul Ball, location: 2F
2-2: Ball
3-2: Foul Ball, location: 2F
3-2: Ground out 5-3 (Groundball, 5)
Bottom of the 4th over - 0 runs, 0 hits, 0 errors, 1 left on base; Beaumont 0 - Montgomery 2
TOP OF THE 5TH
Beaumont Roughnecks batting - Pitching for Montgomery Biscuits : RHP Keith Fitzgerald
Batting: RHB António Aguilar 0-0: Ball
1-0: Ball
2-0: Ball
3-0: Called Strike
3-1: Base on Balls
Batting: RHB Miguel Costa 0-0: Called Strike
0-1: Called Strike
0-2: Foul Ball, location: 2F
0-2: Ball
1-2: Strikes out looking
Batting: SHB Walton Locke 0-0: Ball
1-0: Swinging Strike
1-1: Swinging Strike
1-2: Fly out, F6 (Line Drive, 6MD)
Batting: RHB John James 0-0: Foul Ball, location: 2F
0-1: Ball
1-1: 2-RUN HOME RUN (Flyball, 7LD), Distance : 357 ft
Batting: RHB Darwin Crane 0-0: Called Strike
0-1: Foul Ball, location: 2F
0-2: Ball
1-2: Ball
2-2: Ball
3-2: Strikes out looking
Top of the 5th over - 2 runs, 1 hit, 0 errors, 0 left on base; Beaumont 2 - Montgomery 2
BOTTOM OF THE 5TH
Montgomery Biscuits batting - Pitching for Beaumont Roughnecks : RHP Carlos Sánchez
Pitching: RHP Cliff Wolfe
Batting: RHB Reinaldo Amarante 0-0: Ball
1-0: Swinging Strike
1-1: Ball
2-1: Hit by Pitch
Batting: SHB Randy Anderson 0-0: Ball
1-0: Foul Ball, location: 2F
1-1: Swinging Strike
1-2: Foul Ball, location: 2F
1-2: Ball
2-2: Strikes out swinging
Batting: SHB Marvin López 0-0: Ball
1-0: Ball
2-0: Called Strike
2-1: Foul Ball, location: 2F
2-2: Grounds into double play, 4-6-3 (Groundball, 4)
Bottom of the 5th over - 0 runs, 0 hits, 0 errors, 0 left on base; Beaumont 2 - Montgomery 2
TOP OF THE 6TH
Beaumont Roughnecks batting - Pitching for Montgomery Biscuits : RHP Keith Fitzgerald
Pitching: LHP Wilson Romero
Batting: RHB Roger Rush 0-0: Foul Ball, location: 2F
0-1: Ball
1-1: Ground out U3 (Groundball, 34)
Batting: RHB Si-xun Li 0-0: Ball
1-0: Ball
2-0: Ground out 1-3 (Groundball, 13)
Batting: LHB Enrique Cruz 0-0: Called Strike
0-1: Fly out, F7 (Flyball, 7LM)
Top of the 6th over - 0 runs, 0 hits, 0 errors, 0 left on base; Beaumont 2 - Montgomery 2
BOTTOM OF THE 6TH
Montgomery Biscuits batting - Pitching for Beaumont Roughnecks : RHP Cliff Wolfe
Batting: SHB Wilson Bray 0-0: Foul Ball, location: 2F
0-1: Called Strike
0-2: Ball
1-2: Strikes out swinging
Batting: RHB Bob McDonald 0-0: Ball
1-0: Ball
2-0: Called Strike
2-1: Swinging Strike
2-2: Fly out, F8 (Flyball, 89D)
Batting: SHB Pancho Ruíz 0-0: Ball
1-0: Ball
2-0: Called Strike
2-1: Ball
3-1: Base on Balls
Batting: SHB Lawrence Farley 0-0: Ball
1-0: SINGLE (Line Drive, 56)
Pancho Ruíz to second
Batting: SHB Joe Pierce 0-0: Called Strike
0-1: Swinging Strike
0-2: Ball
1-2: Ball
2-2: Strikes out swinging
Bottom of the 6th over - 0 runs, 1 hit, 0 errors, 2 left on base; Beaumont 2 - Montgomery 2
TOP OF THE 7TH
Beaumont Roughnecks batting - Pitching for Montgomery Biscuits : LHP Wilson Romero
Batting: RHB Michael Kent 0-0: Ground out 6-3 (Groundball, 56D)
Batting: RHB António Aguilar 0-0: Foul Ball, location: 2F
0-1: Ground out 4-3 (Groundball, 4M)
Batting: RHB Miguel Costa 0-0: Called Strike
0-1: Foul Ball, location: 2F
0-2: Foul Ball, location: 2F
0-2: Ball
1-2: Foul Ball, location: 2F
1-2: Strikes out looking
Top of the 7th over - 0 runs, 0 hits, 0 errors, 0 left on base; Beaumont 2 - Montgomery 2
BOTTOM OF THE 7TH
Montgomery Biscuits batting - Pitching for Beaumont Roughnecks : RHP Cliff Wolfe
Batting: RHB Frederick Curtis 0-0: Ball
1-0: Called Strike
1-1: Fly out, F7 (Flyball, 7S)
Pitching: RHP Enrique Paredes
Batting: RHB Reinaldo Amarante 0-0: Ball
1-0: Called Strike
1-1: Ball
2-1: Ball
3-1: SINGLE (Line Drive, 89S)
Batting: SHB Randy Anderson 0-0: Called Strike
0-1: Ball
1-1: Called Strike
Throwing error on steal attempt, E2
Reinaldo Amarante to third
1-2: Foul Ball, location: 2F
1-2: Ball
2-2: Ball
3-2: Strikes out swinging
Batting: SHB Marvin López 0-0: Called Strike
0-1: Ball
1-1: Ball
2-1: Ball
3-1: Foul Ball, location: 2F
3-2: Strikes out swinging
Bottom of the 7th over - 0 runs, 1 hit, 1 error, 1 left on base; Beaumont 2 - Montgomery 2
TOP OF THE 8TH
Beaumont Roughnecks batting - Pitching for Montgomery Biscuits : LHP Wilson Romero
Batting: SHB Walton Locke 0-0: Called Strike
0-1: Swinging Strike
0-2: Ball
1-2: Strikes out swinging
Batting: RHB John James 0-0: Ball
1-0: Ball
2-0: Called Strike
2-1: Ball
3-1: Base on Balls
Batting: RHB Darwin Crane 0-0: Foul Ball, location: 2F
0-1: Ball
1-1: Foul Ball, location: 2F
1-2: Foul Ball, location: 2F
1-2: Foul Ball, location: 2F
1-2: Ball
2-2: SINGLE (Line Drive, 78S)
John James to second
Batting: RHB Roger Rush 0-0: Swinging Strike
0-1: Called Strike
0-2: Ball
1-2: Ball
2-2: Foul Ball, location: 2F
2-2: Strikes out swinging
Batting: RHB Si-xun Li 0-0: Ball
1-0: SINGLE (Flyball, 9LS)
John James to third
Darwin Crane to second
Runner from 3rd tries for Home, SAFE, throw made home
Batting: LHB Enrique Cruz 0-0: Foul Ball, location: 2F
0-1: Ground out 4-3 (Groundball, 4)
Top of the 8th over - 1 run, 2 hits, 0 errors, 2 left on base; Beaumont 3 - Montgomery 2
BOTTOM OF THE 8TH
Montgomery Biscuits batting - Pitching for Beaumont Roughnecks : RHP Enrique Paredes
Batting: SHB Wilson Bray 0-0: Ball
1-0: Ball
2-0: Foul Ball, location: 2F
2-1: SINGLE (Groundball, 6M)
Batting: RHB Bob McDonald 0-0: Foul Ball, location: 2F
0-1: Ball
1-1: SINGLE (Groundball, 34D)
Wilson Bray to second
Runner from 2nd tries for 3rd, SAFE, throw made to third
Batting: SHB Pancho Ruíz 0-0: Swinging Strike
0-1: Called Strike
0-2: Ball
1-2: Ball
2-2: Ball
3-2: Foul Ball, location: 2F
3-2: Fly out, F8 (Flyball, 8RXD)
Runner from 3rd tags up, SCORES, no throw
Pinch Hitting: RHB Lorenzo Tamayo 0-0: Ball
1-0: Ball
2-0: Foul Ball, location: 2F
2-1: Foul Ball, location: 2F
2-2: Foul Ball, location: 2F
2-2: Ball
3-2: 2-RUN HOME RUN (Flyball, 7LD), Distance : 349 ft
Pitching: RHP Ralph Miller
Batting: SHB Joe Pierce 0-0: Ball
1-0: Ball
2-0: Called Strike
2-1: Foul Ball, location: 2F
2-2: Strikes out swinging
Batting: RHB Frederick Curtis 0-0: Ball
1-0: SOLO HOME RUN (Flyball, 7D), Distance : 385 ft
Batting: RHB Reinaldo Amarante 0-0: Ball
1-0: Called Strike
1-1: Ball
2-1: Ground out 4-3 (Groundball, 4)
Bottom of the 8th over - 4 runs, 4 hits, 0 errors, 0 left on base; Beaumont 3 - Montgomery 6
TOP OF THE 9TH
Beaumont Roughnecks batting - Pitching for Montgomery Biscuits : LHP Wilson Romero
Now at 1B: Kenneth Cruz
Now at SS: José Martínez
Now in CF: Hoyt Norris
Batting: RHB Michael Kent 0-0: Ball
1-0: Called Strike
1-1: Swinging Strike
1-2: Ball
2-2: SINGLE (Line Drive, 56D)
Batting: RHB António Aguilar 0-0: Called Strike
0-1: Ball
1-1: Ball
Wild Pitch!
Michael Kent to second
2-1: Ball
3-1: SINGLE (Groundball, 13S) (infield hit)
Michael Kent to third
Batting: RHB Miguel Costa 0-0: Called Strike
0-1: Ball
1-1: Called Strike
1-2: DOUBLE (Line Drive, 7LD)
Michael Kent scores
António Aguilar to third
Batting: SHB Walton Locke 0-0: Ball
1-0: Called Strike
1-1: DOUBLE (Line Drive, 8RD)
António Aguilar scores
Miguel Costa scores
Batting: RHB John James 0-0: Ground out 4-3 (Groundball, 4)
Walton Locke to third
Batting: RHB Darwin Crane 0-0: Ball
1-0: Ball
2-0: Ball
3-0: Called Strike
3-1: Base on Balls
Pitching: RHP Raúl Martínez
Batting: RHB Roger Rush 0-0: Swinging Strike
0-1: Foul Ball, location: 2F
0-2: Strikes out swinging
Batting: RHB Si-xun Li 0-0: Called Strike
0-1: Ball
1-1: Foul Ball, location: 2F
1-2: Strikes out swinging
Top of the 9th over - 3 runs, 4 hits, 0 errors, 2 left on base; Beaumont 6 - Montgomery 6
BOTTOM OF THE 9TH
Montgomery Biscuits batting - Pitching for Beaumont Roughnecks : RHP Ralph Miller
Batting: SHB Randy Anderson 0-0: Ball
1-0: Ball
2-0: Fly out, F7 (Flyball, 7S)
Batting: SHB Kenneth Cruz 0-0: Ball
1-0: Ball
2-0: Ball
3-0: Base on Balls
Batting: SHB Wilson Bray 0-0: Ball
1-0: Fly out, F9 (Flyball, 9D)
Batting: RHB Bob McDonald 0-0: Called Strike
0-1: Foul Ball, location: 2F
0-2: Ball
1-2: Foul Ball, location: 2F
1-2: Ball
2-2: TRIPLE (Flyball, 9LD)
Kenneth Cruz scores
Saturday, December 16th, 2017 - OOTP Baseball 18.8 Build 76